 Dungeon Crawl Stone Soup version 0.28.0-43-g3370ac3207 (webtiles) character file.

Game seed: 9613341574805781285

57 smarlow the Conjurer (level 4, -5/32 HPs)
             Began as a Gnoll Conjurer on Mar 30, 2022.
             Slain by a hell rat (19 damage)
             ... in a sewer.
             The game lasted 00:01:44 (1927 turns).

smarlow the Conjurer (Gnoll Conjurer)               Turns: 1927, Time: 00:01:45

Health: -5/32      AC:  2    Str:  6    XL:     4   Next: 0%
Magic:  6/11       EV: 13    Int: 19    God:
Gold:   43         SH:  0    Dex: 11    Spells: 10/13 levels left

rFire   . . .      SeeInvis .     - Unarmed
rCold   . . .      Faith    .   (no shield)
rNeg    . . .      Spirit   .   a - +0 robe
rPois   .          Reflect  .   (no helmet)
rElec   .          Harm     .   (no cloak)
rCorr   .          Rampage  .   (no gloves)
Will    .....                   (no boots)
Stlth   ++........              (no amulet)
HPRegen 0.10/turn               (no ring)
MPRegen 0.12/turn               (no ring)

@: no status effects
A: fangs 1, strong nose, distributed training
a: no special abilities


You were in a sewer.
You visited 1 branch of the dungeon, and saw 3 of its levels.
You also visited: Sewer.

You collected 43 gold pieces.

Inventory:

Armour
 a - a +0 robe (worn)
Scrolls
 b - 2 scrolls of vulnerability {unknown}
 d - a scroll of teleportation {unknown}
 e - a scroll of identify {unknown}
 f - a scroll of noise {unknown}
 h - a scroll of enchant armour {unknown}
 j - a scroll of summoning {unknown}
Potions
 c - a potion of resistance {unknown}
 g - a potion of brilliance {unknown}
 i - 2 potions of heal wounds {unknown}
 k - a potion of curing {unknown}
 l - a potion of haste {unknown}


   Skills:
 + Level 1.0 Fighting
 + Level 1.0 Short Blades
 + Level 1.0 Long Blades
 + Level 1.0 Axes
 + Level 1.0 Maces & Flails
 + Level 1.0 Polearms
 + Level 1.0 Staves
 + Level 1.0 Slings
 + Level 1.0 Bows
 + Level 1.0 Crossbows
 + Level 1.0 Throwing
 + Level 1.0 Armour
 + Level 4.6 Dodging
 + Level 4.2 Stealth
 + Level 1.0 Shields
 + Level 1.0 Unarmed Combat
 + Level 5.0 Spellcasting
 + Level 7.1 Conjurations
 + Level 0.7 Hexes
 + Level 0.7 Summonings
 + Level 0.7 Necromancy
 + Level 0.7 Translocations
 + Level 0.7 Transmutations
 + Level 0.7 Fire Magic
 + Level 0.7 Ice Magic
 + Level 0.7 Air Magic
 + Level 0.7 Earth Magic
 + Level 0.7 Poison Magic
 + Level 1.1 Invocations
 + Level 1.0 Evocations


You had 10 spell levels left.
You knew the following spells:

 Your Spells              Type           Power      Damage    Failure   Level
a - Magic Dart            Conj           100%       1d8       1%          1
b - Searing Ray           Conj           62%        2d6       1%          2

Your spell library contained the following spells:

 Spells                   Type           Power      Damage    Failure   Level
 Dazzling Flash           Conj/Hex       38%        N/A       8%          3
 Fulminant Prism          Conj/Hex       9%         3d7       24%         4
 Iskenderun's Mystic Bla  Conj/Tloc      19%        2d6       24%         4
 Gell's Gravitas          Tloc           7%         N/A       26%         3
 Lesser Beckoning         Tloc           7%         N/A       26%         3
 Teleport Other           Tloc           7%         N/A       26%         3


Dungeon Overview and Level Annotations

Branches:
Dungeon (3/15)              Sewer (1/1)

Altars:

Annotations:
D:2 Sigmund


Innate Abilities, Weirdness & Mutations

You have very sharp teeth.
Your uncanny sense of smell can sniff out nearby items.
Your experience applies equally to all skills.


Message History

A rat comes into view.
The magic dart hits the rat.
You kill the rat!
You have reached level 4!
You feel agile.
You enter the shallow water.
Moving in this stuff is going to be slow.
You see here a rat corpse.
You enter the shallow water.
Moving in this stuff is going to be slow.
You enter the shallow water.
Moving in this stuff is going to be slow.
You open the door.
A hell rat comes into view.
The hell rat roars deafeningly!
The hell rat moves out of view.
Found four items.
Found a gate leading back out of this place.
Found 3 coppery potions, a fuming sapphire potion and an iridescent dagger.
The magic dart hits the hell rat.
The hell rat is lightly wounded.
The magic dart hits the hell rat but does no damage.
The hell rat is lightly wounded.
The magic dart hits the hell rat but does no damage.
The hell rat is lightly wounded.
The hell rat bites you!!
Ouch! That really hurt!
You are too injured to fight recklessly!
You are too injured to fight recklessly!
Casting: Magic Dart (safe; 1% risk of failure)
Confirm with . or Enter, or press ? or * to list all spells.
Aiming: Searing Ray (safe; 1% risk of failure)
Press: ? - help, Shift-Dir - straight line, f/p - hell rat
Aim: a hell rat (lightly wounded, 79% to hit)
The searing ray hits the hell rat.
The hell rat is heavily wounded. (Press . to maintain the ray.)
The hell rat bites you!!
Ouch! That really hurt!
You die...

#.≈≈≈≈∩≈≈≈≈≈###
.≈.≈≈#####.≈...#
...###?∩)###.≈≈##
..##.?!!!!≈##≈.≈#
≈ .≈.≈≈≈.. #...#
≈ ≈≈≈≈≈≈ ##≈≈.#
≈≈≈ #≈≈≈###†≈.##
≈≈≈≈.##r##†≈...#
#..≈.≈@≈≈.≈.###
###.≈.≈≈≈.###
#########


You could see a hell rat.

Vanquished Creatures
  2 adders
  3 ball pythons
  3 bats
  3 endoplasms (D:2)
  A giant cockroach (D:2)
  3 goblins (D:2)
  2 hobgoblins (D:1)
  4 jackals (D:2)
  3 quokkas
  3 kobolds
  10 rats
37 creatures vanquished.

Notes
Turn   | Place    | Note
-------+----------+-------------------------------------------
     0 | D:1      | smarlow the Gnoll Conjurer began the quest for the Orb.
     0 | D:1      | Reached XP level 1. HP: 13/13 MP: 6/6
   300 | D:1      | Reached XP level 2. HP: 16/19 MP: 0/7
   426 | D:1      | Learned a level 2 spell: Searing Ray
  1303 | D:2      | Found a faded altar of an unknown god.
  1337 | D:2      | Reached XP level 3. HP: 25/25 MP: 5/9
  1338 | D:2      | Reached skill level 5 in Spellcasting
  1656 | D:2      | Noticed Sigmund
  1689 | D:2      | Reached skill level 1 in Invocations
  1806 | D:3      | Found a glowing drain.
  1811 | D:3      | Reached skill level 1 in Fighting
  1811 | D:3      | Reached skill level 1 in Short Blades
  1811 | D:3      | Reached skill level 1 in Long Blades
  1811 | D:3      | Reached skill level 1 in Axes
  1811 | D:3      | Reached skill level 1 in Maces & Flails
  1811 | D:3      | Reached skill level 1 in Polearms
  1811 | D:3      | Reached skill level 1 in Staves
  1811 | D:3      | Reached skill level 1 in Slings
  1811 | D:3      | Reached skill level 1 in Bows
  1811 | D:3      | Reached skill level 1 in Crossbows
  1811 | D:3      | Reached skill level 1 in Throwing
  1811 | D:3      | Reached skill level 1 in Armour
  1811 | D:3      | Reached skill level 1 in Shields
  1811 | D:3      | Reached skill level 1 in Unarmed Combat
  1811 | D:3      | Reached skill level 1 in Evocations
  1819 | Sewer    | Entered a sewer
  1897 | Sewer    | Reached XP level 4. HP: 32/32 MP: 9/11
  1927 | Sewer    | Slain by a hell rat

Illustrated notes

Levels and vault maps discovered:
D:1:      onia_arrival_mini_maze_b, layout_loops_ring, grunt_decor_clamped,
          minmay_split_cup_small
D:2:      layout_loops_cross, shapermc_ecumenical_altar_starsandcircs,
          uniq_crazy_yiuf_cottage, uniq_sigmund
D:3:      layout_rooms, portal_sewer_entry_d, minmay_misc_feat_hallway,
          uniq_robin
Sewer:    sewer_hellmonk_bad_rat

Skill      XL: |  1  2  3 |
---------------+----------+-----
Spellcasting   | 5 |  5.0
Invocations    | 1 |  1.1
Fighting       | 1 |  1.0
Short Blades   | 1 |  1.0
Long Blades    | 1 |  1.0
Axes           | 1 |  1.0
Maces & Flails | 1 |  1.0
Polearms       | 1 |  1.0
Staves         | 1 |  1.0
Slings         | 1 |  1.0
Bows           | 1 |  1.0
Crossbows      | 1 |  1.0
Throwing       | 1 |  1.0
Armour         | 1 |  1.0
Shields        | 1 |  1.0
Unarmed Combat | 1 |  1.0
Evocations     | 1 |  1.0
Dodging        | |  4.6
Stealth        | |  4.2
Conjurations   | |  7.1
Hexes          | |  0.7
Summonings     | |  0.7
Necromancy     | |  0.7
Translocations | |  0.7
Transmutations | |  0.7
Fire Magic     | |  0.7
Ice Magic      | |  0.7
Air Magic      | |  0.7
Earth Magic    | |  0.7
Poison Magic   | |  0.7

Action                   |  1- 3 |  4- 6 || total
-------------------------+-------+-------++-------
 Cast: Magic Dart        |    65 |     3 ||    68
       Searing Ray       |       |     1 ||     1
Armor: Robe              |     2 |       ||     2
Dodge: Dodged            |     8 |       ||     8
